 Dungeon Crawl Stone Soup version 0.25.0 (webtiles) character file.

Game seed: 11243104732741130854

4162 inmateoo the Cleaver (level 10, -11/95 HPs)
             Began as a Minotaur Berserker on June 12, 2020.
             Was an Elder of Trog.
             Mangled by a two-headed ogre
             ... wielding a +0 giant club
              (28 damage)
             ... on level 8 of the Dungeon.
             The game lasted 00:06:38 (6059 turns).

inmateoo the Cleaver (Minotaur Berserker)           Turns: 6059, Time: 00:06:39

Health: -11/95     AC: -1    Str: 25    XL:     10   Next: 7%
Magic:  12/12      EV:  9    Int:  4    God:    Trog [****..]
Gold:   333        SH:  0    Dex: 10    Spells: 9/9 levels left

rFire    . . .     SeeInvis .   a - +1 hand axe
rCold    . . .     Gourm    .   (no shield)
rNeg     . . .     Faith    .   d - +0 chain mail
rPois    .         Spirit   .   z - +2 hat
rElec    .         Reflect  .   p - +0 cloak {MR+}
rCorr    .         Harm     .   (no gloves)
MR       +....                  u - +0 pair of boots
Stlth    ..........             (no amulet)
HPRegen  0.25/turn              (no ring)
MPRegen  0.13/turn              (no ring)

@: about to teleport, corroded, berserk cooldown, slowed, studying Evocations,
very slow
A: retaliatory headbutt, horns 2
a: Berserk, Trog's Hand, Brothers in Arms, Renounce Religion


You were on level 8 of the Dungeon.
You worshipped Trog.
Trog was greatly pleased with you.
You were not hungry.

You visited 1 branch of the dungeon, and saw 8 of its levels.
You also visited: Sewer.

You collected 333 gold pieces.

Inventory:

Hand Weapons
 a - a +1 hand axe (weapon)
 e - a +0 short sword of venom
Armour
 d - a +0 chain mail (worn)
 p - a +0 cloak of magic resistance (worn)
 u - a +0 pair of boots (worn)
 z - a +2 hat (worn)
Jewellery
 l - an uncursed ring of ice
 B - an uncursed amulet of guardian spirit {unknown}
Wands
 m - a wand of random effects (29)
 q - a wand of flame (16)
 A - a wand of iceblast (8)
Scrolls
 b - 6 scrolls of remove curse
 g - a scroll of enchant armour {unknown}
 r - 4 scrolls of teleportation
 t - a scroll of identify
 v - a scroll of enchant weapon
 y - 3 scrolls of fog
Potions
 f - 2 potions of might
 h - 2 potions of curing
 i - a potion of flight {unknown}
 j - a potion of haste
 k - a potion of mutation {unknown}
 n - a potion of ambrosia
 o - a potion of lignification
 s - a potion of cancellation {unknown}
 w - 2 potions of invisibility {unknown}
Books
 x - a manual of Evocations
Comestibles
 c - 11 rations


   Skills:
 + Level 11.1 Fighting
 * Level 12.1 Axes
 + Level 5.8 Armour
 - Level 2.1 Dodging
 + Level 4.6 Evocations


You had 9 spell levels left.
You didn't know any spells.
Your spell library was empty.

Dungeon Overview and Level Annotations

Branches:
Dungeon (8/15)             Temple (0/1) D:4           Sewer (visited)
   Lair: D:8-11

Altars:
Hepliaklqana
Makhleb
Ru
Uskayaw


Innate Abilities, Weirdness & Mutations

You reflexively headbutt those who attack you in melee.
You have a pair of horns on your head.


Message History

r - Retreat! s - Stop attacking. g - Guard the area. f - Follow me.
Anything else - Cancel.
Gang up on whom?
Press: ? - help, Dir - move target cursor, f - two-headed ogre
Aim: a two-headed ogre, wielding two +0 giant clubs Attack!
Your ogre barely misses the two-headed ogre.
Your ogre hits the two-headed ogre with a +0 giant club!
The two-headed ogre hits your ogre with a +0 giant club!!
The two-headed ogre hits your ogre with a +0 giant club.
Your ogre dies!
Your ogre's corpse disappears in a puff of smoke!
Okay, then.
As you read the scroll of teleportation, it crumbles to dust.
You feel strangely unstable.
Unknown command.
The two-headed ogre misses you.
The two-headed ogre hits you with a +0 giant club!!
You die...

...>....... #
#..$...... ##F
#...?..... #
.. #..)†.#.#
###.#.#
..##.#<....##
.......
.......(().(.#
.......####
..)####.#(cO..
#..§?O.#
.......#((..
#..#.#@#
#......#....
#..._..#
#.......(...
#..#.###
#....(.#....
#....#
#......###..
#.#### #......
#. #. #######
. # .


You could see a two-headed ogre.

Vanquished Creatures
  A two-headed ogre (D:8)
  A hippogriff (D:7)
  A hungry ghost (D:5)
  Purgy (Sewer)
  A sky beast (D:4)
  3 phantoms
  A black bear (D:6)
  An ice beast (D:7)
  5 ogres
  5 centaurs
  4 bullfrogs
  2 scorpions (D:5)
  3 killer bees (D:7)
  2 howler monkeys
  5 crimson imps
  A quasit (D:5)
  4 orc priests
  4 hounds
  A jelly (D:8)
  A centaur skeleton (D:6)
  3 orc wizards
  Crazy Yiuf (D:4)
  Jessica (D:3)
  2 bullfrog skeletons
  Ijyb (D:4)
  4 worker ants
  A hound zombie (D:6)
  Robin (D:3)
  A hound skeleton (D:6)
  A worker ant zombie (D:6)
  2 gnolls (D:1)
  12 adders
  3 shadow imps
  An ooze (D:7)
  An adder zombie (D:6)
  3 worms
  A dart slug (D:1)
  4 leopard geckos
  15 orcs
  6 ball pythons
  9 bats
  8 giant cockroaches
  14 goblins
  7 hobgoblins
  3 jackals (D:2)
  11 kobolds
  9 quokkas
  10 frilled lizards
  2 jackal zombies (D:5)
  A leopard gecko skeleton (D:4)
  A quokka zombie (D:5)
  8 rats
194 creatures vanquished.

Vanquished Creatures (collateral kills)
  A bullfrog (D:8)
  2 killer bees (D:7)
3 creatures vanquished.

Grand Total: 197 creatures vanquished

Notes
Turn   | Place    | Note
-------+----------+-------------------------------------------
     0 | D:1      | inmateoo the Minotaur Berserker began the quest for the
                  | Orb.
     0 | D:1      | Reached XP level 1. HP: 19/19 MP: 0/0
    72 | D:1      | Reached skill level 4 in Axes
    72 | D:1      | Reached XP level 2. HP: 27/27 MP: 1/1
   394 | D:1      | Reached XP level 3. HP: 33/33 MP: 2/2
   523 | D:1      | Reached skill level 5 in Axes
   569 | D:1      | Reached ** piety under Trog
   803 | D:2      | Reached XP level 4. HP: 36/41 MP: 3/3
   953 | D:2      | Found a faded altar of an unknown god.
  1446 | D:3      | Noticed Jessica
  1454 | D:3      | Killed Jessica
  1454 | D:3      | Reached skill level 6 in Axes
  1457 | D:3      | Reached XP level 5. HP: 47/47 MP: 4/4
  1616 | D:3      | Noticed Robin
  1620 | D:3      | Reached skill level 5 in Fighting
  1622 | D:3      | Reached *** piety under Trog
  1630 | D:3      | Killed Robin
  1748 | D:3      | Found a glowing drain.
  1766 | Sewer    | Entered a sewer
  1915 | Sewer    | Noticed Purgy
  1920 | Sewer    | Killed Purgy
  1920 | Sewer    | Reached skill level 7 in Axes
  1920 | Sewer    | Reached XP level 6. HP: 57/57 MP: 5/5
  2382 | D:4      | Noticed Ijyb
  2395 | D:4      | Killed Ijyb
  2614 | D:4      | Reached skill level 8 in Axes
  2683 | D:4      | Found a staircase to the Ecumenical Temple.
  2815 | D:4      | Found a hazy altar of Hepliaklqana.
  3077 | D:4      | Found a runed translucent door.
  3078 | D:4      | Noticed Crazy Yiuf
  3160 | D:4      | Killed Crazy Yiuf
  3205 | D:5      | Entered Level 5 of the Dungeon
  3205 | D:5      | Noticed a sky beast
  3215 | D:4      | Killed a sky beast
  3215 | D:4      | Reached XP level 7. HP: 48/64 MP: 6/6
  3295 | D:5      | Reached **** piety under Trog
  3387 | D:5      | Found a sacrificial altar of Ru.
  3431 | D:5      | Reached skill level 9 in Axes
  3495 | D:5      | Noticed a hungry ghost
  3510 | D:5      | Killed a hungry ghost
  3510 | D:5      | Reached skill level 10 in Axes
  3510 | D:5      | Reached XP level 8. HP: 73/73 MP: 7/7
  3983 | D:5      | Found a burning altar of Makhleb.
  4029 | D:6      | Found a hide-covered altar of Uskayaw.
  4029 | D:6      | Noticed a +0 dagger
  4029 | D:6      | Noticed a +0 hand axe
  4037 | D:5      | Reached skill level 10 in Fighting
  4280 | D:6      | Reached XP level 9. HP: 85/85 MP: 8/8
  4299 | D:6      | Reached ***** piety under Trog
  4413 | D:6      | Reached skill level 1 in Evocations
  4945 | D:6      | Reached skill level 11 in Axes
  5652 | D:7      | Reached skill level 5 in Armour
  5989 | D:8      | Noticed a two-headed ogre
  5998 | D:8      | Killed a two-headed ogre
  5998 | D:8      | Reached skill level 12 in Axes
  5998 | D:8      | Reached XP level 10. HP: 94/95 MP: 10/12
  5999 | D:8      | Noticed a two-headed ogre
  6012 | D:8      | Found a sacrificial altar of Ru.
  6059 | D:8      | Mangled by a two-headed ogre

Illustrated notes

Levels and vault maps discovered:
D:1:      minmay_arrival_shattered_statue, layout_basic, roderic_lattice_a,
          glass_columns_c
D:2:      layout_basic, chequers_ecumenical_altar_simple_redux,
          kennysheep_crisscross, minmay_misc_feat_columns
D:3:      layout_basic, portal_sewer_entry_a, first_ration, serial_park_tiny_2,
          uniq_jessica, uniq_robin
D:4:      layout_loops_ring, lemuel_round_altar, lemuel_temple_firewalk_b,
          uniq_ijyb, uniq_crazy_yiuf_cottage
D:5:      layout_rooms, makhleb_blood_cavern_becter, lemuel_tele_altar
D:6:      layout_gridville, dancing_weapons_uskayaw, hangedman_decor_lopped,
          minmay_misc_feat_chi, minmay_manual_mares
D:7:      layout_loops_cross
D:8:      layout_basic, lemuel_coloured_pillars_altar, lemuel_crystal_altar,
          erik_lair_island, serial_shops, shop, basic_altar

Skill      XL: |  1  2  3  4  5  6  7  8  9 |
---------------+----------------------------+-----
Fighting       | 4 5 6 7 10 11 | 11.1
Axes           | 4 5 6 7 8 10 12 | 12.1
Armour         | 3 5 |  5.8
Evocations     | 4 |  4.6
Dodging        | |  2.1

Action                   |  1- 3 |  4- 6 |  7- 9 | 10-12 || total
-------------------------+-------+-------+-------+-------++-------
Melee: Hand axe          |    53 |   159 |   271 |    12 ||   495
       Headbutt          |    10 |    23 |    65 |     1 ||    99
Invok: Berserk           |     1 |     4 |     6 |     1 ||    12
       Trog's Hand       |       |       |     1 |       ||     1
       Brothers in Arms  |       |       |     1 |     1 ||     2
  Use: Scroll            |       |    11 |     1 |     2 ||    14
       Potion            |       |       |       |     1 ||     1
  Eat: Chunk             |       |     9 |    11 |       ||    20
       Ration            |       |     1 |     2 |       ||     3
Armor: Chain mail        |    32 |    94 |   125 |     8 ||   259
Dodge: Dodged            |    21 |    86 |   109 |    10 ||   226
